 Dungeon Crawl Stone Soup version 0.27-a0-1182-gee19b5822f (webtiles) character file.

Game seed: 2804422541529995007

4260 Froggeryz the Cleaver (level 10, -2/74 HPs)
             Began as a Demonspawn Gladiator on May 18, 2021.
             Was a Priest of Okawaru.
             Slain by a shadow (21 damage)
             ... on level 8 of the Dungeon.
             The game lasted 00:09:14 (10897 turns).

Froggeryz the Cleaver (Demonspawn Gladiator)       Turns: 10897, Time: 00:09:15

Health: -2/74      AC: 13    Str: 17    XL:     10   Next: 10%
Magic:  10/10      EV: 10    Int: 10    God:    Okawaru [***...]
Gold:   89         SH:  0    Dex: 15    Spells: 9/9 levels left

rFire    + . .     SeeInvis .   q - +2 hand axe (freeze)
rCold    . . .     Faith    +   (no shield)
rNeg     . . .     Spirit   .   n - +0 scale mail {rF+}
rPois    +         Reflect  .   (helmet restricted)
rElec    .         Harm     .   (no cloak)
rCorr    .         Rampage  .   (no gloves)
Will     .....                  D - +0 pair of boots
Stlth    ..........             a - amulet of faith
HPRegen  0.22/turn              w - ring of poison resistance
MPRegen  0.12/turn              y - +4 ring of protection

@: no status effects
A: horns 1, thin metallic scales 1, foul stench 1, demonic magic 1
a: Renounce Religion, Heroism


You were on level 8 of the Dungeon.
You worshipped Okawaru.
Okawaru was most pleased with you.
You visited 2 branches of the dungeon, and saw 9 of its levels.

You collected 349 gold pieces.
You spent 260 gold pieces at shops.

Inventory:

Hand Weapons
 q - a +2 hand axe of freezing (weapon)
Missiles
 c - 4 javelins
 d - 3 throwing nets
 l - 6 silver boomerangs
 r - 10 poisoned darts (quivered)
Armour
 n - a +0 scale mail of fire resistance (worn)
 D - a +0 pair of boots (worn)
 E - a +0 buckler
Jewellery
 a - an amulet of faith (around neck)
 k - a ring of resist corrosion
 p - the amulet "Beedod" {Acrobat rF+}
   (You found it on level 7 of the Dungeon)

   [amulet of the acrobat]

   It increases your evasion while moving and waiting.
   It protects you from fire.
 s - an amulet of reflection
 w - a ring of poison resistance (left hand)
 y - a +4 ring of protection (right hand)
Wands
 z - a wand of flame (15)
 B - a wand of charming (13)
Scrolls
 b - 2 scrolls of enchant armour
 f - a scroll of fog {unknown}
 g - 5 scrolls of enchant weapon
 o - a scroll of acquirement {unknown}
 x - a scroll of blinking {unknown}
 A - a scroll of magic mapping {unknown}
 C - a scroll of teleportation {unknown}
Potions
 e - 4 potions of heal wounds
 h - a potion of lignification {unknown}
 i - 3 potions of brilliance {unknown}
 j - 5 potions of curing
 m - a potion of might {unknown}
 t - 3 potions of flight {unknown}
 u - 2 potions of mutation {unknown}
 v - 2 potions of resistance {unknown}


   Skills:
 - Level 5.2 Fighting
 + Level 12.3 Axes
 - Level 1.7 Throwing
 - Level 2.2 Armour
 - Level 2.6 Dodging
 * Level 1.2 Shields


You had 9 spell levels left.
You didn't know any spells.
Your spell library contained the following spells:

 Spells                   Type           Power      Damage    Failure   Level
 Sandblast                Erth           0%         2d4       78%         1
 Summon Small Mammal      Summ           0%         N/A       78%         1
 Call Imp                 Summ           0%         N/A       89%         2
 Passwall                 Tmut/Erth      0%         N/A       89%         2
 Call Canine Familiar     Summ           0%         N/A       98%         3
 Stone Arrow              Conj/Erth      0%         3d7       98%         3
 Summon Guardian Golem    Hex/Summ       0%         N/A       98%         3
 Petrify                  Tmut/Erth      0%         N/A       100%        4
 Summon Ice Beast         Ice/Summ       0%         N/A       100%        4
 Summon Lightning Spire   Summ/Air       0%         N/A       100%        4
 Lee's Rapid Deconstruct  Erth           0%         3d5*      100%        5


Dungeon Overview and Level Annotations

Branches:
Dungeon (8/15)             Temple (1/1) D:6
   Lair: D:8-11

Altars:
Ashenzari
Cheibriados
Dithmenos
Elyvilon
Fedhas
Kikubaaqudgha
Makhleb
Nemelex Xobeh
Okawaru
Qazlal
Sif Muna
Trog
Wu Jian
Xom
Yredelemnul
Zin
The Shining One

Shops:
D:5 =

Annotations:
D:6 1 runed translucent door, kuniqs's ghost, novice DsCj


Innate Abilities, Weirdness & Mutations

You have a pair of small horns on your head.
You are partially covered in thin metallic scales. (AC +2)
You may rarely emit foul miasma when damaged in melee.
Spells you cast may paralyse adjacent enemies.


Message History

No target in view!
No target in view!
No target in view!
The shadow strikes at you from the darkness!
Reactivating autopickup.
You see here a bullfrog corpse.
You hit the shadow.
The shadow is lightly damaged.
The shadow slips into darkness.
The shadow flickers and vanishes!
Deactivating autopickup; reactivate with Ctrl-A.
You hit something but do no damage. You headbutt something.
The shadow strikes at you from the darkness!
Reactivating autopickup.
You completely miss the shadow. Your headbutt misses the shadow.
The shadow is moderately damaged.
You slash the shadow! Your headbutt misses the shadow.
The shadow is severely damaged.
The shadow hits you.
* * * LOW HITPOINT WARNING * * *
You emit a cloud of foul miasma!
You hit the shadow but do no damage. You headbutt the shadow.
The shadow is severely damaged.
The shadow hits you.
* * * LOW HITPOINT WARNING * * *
You hit the shadow but do no damage.
The shadow is severely damaged.
You closely miss the shadow.
The shadow is severely damaged.
The shadow hits you.
* * * LOW HITPOINT WARNING * * *
You closely miss the shadow.
The shadow is severely damaged.
The shadow slips into darkness.
The shadow flickers and vanishes!
Deactivating autopickup; reactivate with Ctrl-A.
You barely miss something. You miss something.
The shadow strikes at you from the darkness!
You die...

...## ..# #....
#... #...#
##..##...#
.........### .
..........<##..#
..........(...#
#....{..#.#...#
##...@..#.......
#.......#....###
#..........#....
...##....#..#....
.. ..........#..
# #.....#.####
#.##....# #. ##..
.


There were no monsters in sight!

Vanquished Creatures
  Pikel (D:6)
  Joseph (D:7)
  A wyvern (D:8)
  5 yaks (D:6)
  Menkaure (D:6)
  Duvessa (D:7)
  2 water moccasins (D:7)
  An orc warrior (D:6)
  2 black bears
  2 ice beasts
  2 necrophages
  A sky beast (D:6)
  3 ogres
  2 centaurs (D:7)
  A lemure (D:6)
  2 bullfrogs
  2 scorpions
  A water moccasin zombie (D:5)
  Dowan (D:7)
  A hound (D:6)
  A bullfrog zombie (D:6)
  2 jellies (D:5)
  An orc priest (D:5)
  A gnoll shaman (D:4)
  2 iguanas (D:5)
  Jessica (D:3)
  A centaur skeleton (D:5)
  2 bullfrog skeletons
  3 orc wizards
  A hound skeleton (D:4)
  6 gnolls
  A howler monkey skeleton (D:5)
  7 adders
  A shadow imp (D:5)
  An ufetubus (D:5)
  2 worms
  5 dart slugs
  21 orcs
  6 bats
  2 endoplasms
  5 giant cockroaches
  6 goblins
  6 hobgoblins
  9 jackals
  9 kobolds
  4 quokkas
  8 ball pythons
  3 frilled lizards
  3 rats
153 creatures vanquished.

Vanquished Creatures (others)
  9 plants (D:1)
9 creatures vanquished.

Grand Total: 162 creatures vanquished

Notes
Turn   | Place    | Note
-------+----------+-------------------------------------------
     0 | D:1      | Froggeryz the Demonspawn Gladiator began the quest for the
                  | Orb.
     0 | D:1      | Reached XP level 1. HP: 16/16 MP: 1/1
   231 | D:1      | Reached skill level 3 in Axes
   237 | D:1      | Gained mutation: You may rarely emit foul miasma when
                  | damaged in melee. [demonic ancestry]
   237 | D:1      | Reached XP level 2. HP: 20/22 MP: 2/2
   497 | D:1      | Reached skill level 1 in Armour
   801 | D:1      | Gained mutation: You are partially covered in thin metallic
                  | scales. (AC +2) [demonic ancestry]
   801 | D:1      | Reached XP level 3. HP: 9/27 MP: 3/3
  1595 | D:2      | Found a faded altar of an unknown god.
  1857 | D:2      | Reached skill level 4 in Axes
  1884 | D:2      | Reached XP level 4. HP: 33/33 MP: 4/4
  2792 | D:3      | Reached XP level 5. HP: 17/38 MP: 5/5
  3408 | D:3      | Noticed Jessica
  3416 | D:3      | Killed Jessica
  4149 | D:4      | Reached skill level 5 in Axes
  4357 | D:4      | Reached XP level 6. HP: 20/46 MP: 6/6
  4570 | D:4      | Found a sparkling altar of Nemelex Xobeh.
  5182 | D:4      | Reached skill level 6 in Axes
  5182 | D:4      | Gained mutation: You have a pair of small horns on your
                  | head. [demonic ancestry]
  5182 | D:4      | Reached XP level 7. HP: 35/53 MP: 7/7
  5775 | D:5      | Entered Level 5 of the Dungeon
  5993 | D:5      | Found Ybbaext's Jewellery Emporium.
  6482 | D:5      | Reached skill level 7 in Axes
  7087 | D:5      | Reached skill level 5 in Fighting
  7087 | D:5      | Reached XP level 8. HP: 53/62 MP: 8/8
  7679 | D:6      | Found a staircase to the Ecumenical Temple.
  7688 | D:6      | Reached skill level 8 in Axes
  7692 | Temple   | Entered the Ecumenical Temple
  7697 | Temple   | Became a worshipper of Warmaster Okawaru
  7765 | D:6      | Reached * piety under Okawaru
  7766 | D:6      | Reached skill level 9 in Axes
  7782 | D:6      | Gained mutation: Spells you cast may paralyse adjacent
                  | enemies. [demonic ancestry]
  7782 | D:6      | Reached XP level 9. HP: 26/68 MP: 9/9
  7996 | D:6      | Noticed kuniqs's ghost (novice DsCj)
  8004 | D:6      | Found a runed translucent door.
  8025 | D:6      | Found a shadowy altar of Dithmenos.
  8291 | D:6      | Found a bloodstained altar of Trog.
  8299 | D:6      | Reached skill level 10 in Axes
  8595 | D:6      | Noticed Menkaure
  8606 | D:6      | Killed Menkaure
  8606 | D:6      | Reached ** piety under Okawaru
  8906 | D:6      | Found an ornate altar of the Wu Jian Council.
  9187 | D:7      | Noticed Pikel
  9207 | D:6      | Killed Pikel
  9208 | D:6      | Reached skill level 11 in Axes
  9576 | D:7      | Noticed Joseph
  9593 | D:7      | Killed Joseph
  9603 | D:7      | Identified the amulet "Beedod" {Acrobat rF+}
  9881 | D:7      | Reached *** piety under Okawaru
  9882 | D:7      | Reached skill level 12 in Axes
  9973 | D:5      | Bought a ring of poison resistance for 260 gold pieces
 10116 | D:7      | Found a snail-covered altar of Cheibriados.
 10254 | D:7      | Reached XP level 10. HP: 63/74 MP: 10/10
 10389 | D:7      | Noticed Dowan
 10397 | D:7      | Killed Dowan
 10451 | D:7      | Noticed Duvessa
 10471 | D:7      | Killed Duvessa
 10886 | D:8      | Reached skill level 1 in Shields
 10897 | D:8      | Slain by a shadow

Illustrated notes

Levels and vault maps discovered:
D:1:      giann_horns, layout_basic, serial_bayou, serial_bayou_shore_a,
          serial_bayou_lake_a, serial_bayou_pond_c, serial_bayou_ford_a
D:2:      layout_basic, hellmonk_ecumenical_altar_heavens_door, serial_glass,
          glass_columns_a, glass_columns_b, feat_on_display, item_on_display_b
D:3:      layout_loops_ring, dk_vineyard_2, item_on_display_a, uniq_jessica
D:4:      layout_layer_cave, kennysheep_mini, hangedman_decor_diamond_cutter
D:5:      minmay_diamond_boxcup, layout_cave_pods, serial_shops, shop
D:6:      layout_basic, trog_three_pillars_becter,
          nicolae_dithmenos_shadow_blocks, kennysheep_mini_moat,
          minmay_temple_entry_stoned_glass, hellmonk_ghost_happy_afterlife,
          uniq_menkaure
D:7:      layout_basic, jmf_multi_god_temple, due_unseen_surprise, uniq_pikel,
          uniq_duvessa, uniq_joseph
D:8:      minmay_bloctagon_deflated, layout_rooms, kennysheep_little_box,
          item_on_display_a, uniq_erica
Temple:   minmay_freezing_vapour_temple

Skill      XL: |  1  2  3  4  5  6  7  8  9 10 |
---------------+-------------------------------+-----
Axes           | 3 4 5 6 7 9 12 | 12.3
Armour         | 1 2 |  2.2
Fighting       | 3 5 |  5.2
Shields        | 1 |  1.2
Throwing       | |  1.7
Dodging        | |  2.6

Action                   |  1- 3 |  4- 6 |  7- 9 | 10-12 || total
-------------------------+-------+-------+-------+-------++-------
Melee: War axe           |   115 |    50 |       |       ||   165
       Hand axe          |       |   128 |   311 |    31 ||   470
       Headbutt          |       |       |    70 |     6 ||    76
Throw: Dart              |       |     3 |     3 |       ||     6
  Use: Scroll            |       |       |     8 |       ||     8
Armor: Scale mail        |    73 |   103 |   131 |     7 ||   314
Dodge: Dodged            |    83 |    97 |   123 |     4 ||   307

Table legend: (Time is in decaauts)
 A = Elapsed time spent in this place.
 B = Non-inter-level travel time spent in this place.
 C = Inter-level travel time spent in this place.
 D = Time resting spent in this place.
 E = Time spent auto-exploring this place.
 F = Levels seen in this place.
 G = Mean time per level.
                   A        B        C        D        E       F      G
               +--------+--------+--------+--------+--------+-----+--------+
         Total |  10986 |  10457 |    529 |   2128 |   7021 |   9 | 1220.7 |
       Dungeon |  10976 |  10451 |    525 |   2128 |   7021 |   8 | 1372.0 |
        Temple |     10 |      6 |      4 |      0 |      0 |   1 |   10.0 |
               +--------+--------+--------+--------+--------+-----+--------+

Top non-repeatable levels by time:
     D:5: 1936 daAuts
     D:6: 1788 daAuts
     D:4: 1662 daAuts
     D:3: 1497 daAuts
     D:1: 1468 daAuts
     D:7: 1315 daAuts
     D:2: 1291 daAuts
     D:8: 15 daAuts
  Temple: 10 daAuts
